 Dungeon Crawl Stone Soup version 0.17-a0-1778-gd369669 (webtiles) character file.

4095 4thArraOfDagon the Cleaver (level 10, -1/76 HPs)
             Began as a Vine Stalker Berserker on Sept 8, 2015.
             Was an Elder of Trog.
             Slain by Snorg (2 damage)
             ... on level 10 of the Dungeon.
             The game lasted 00:11:15 (2009 turns).

4thArraOfDagon the Cleaver (Vine Stalker Berserker) Turns: 2009, Time: 00:11:15

Health: -1/76      AC: 12    Str: 26    XL:     10   Next: 26%
Magic:  0/11       EV:  9    Int:  7    God:    Trog [****..]
Gold:   53         SH:  0    Dex: 14    Spells: 0 memorised, 9 levels left

rFire  . . .     SeeInvis .     x - +2 war axe (flame)
rCold  . . .     Clarity  +     z - +0 chain mail
rNeg   . . .     SustAt   .     (no shield)
rPois  .         Gourm    .     (no helmet)
rElec  .         Spirit   +     k - +0 cloak
rCorr  .         Warding  .     (no gloves)
rMut   .         Stasis   .     (no boots)
MR     +++..                    s - amulet of clarity
Stlth  ..........               (no ring)
                                r - ring of wizardry

@: berserking, regenerating, very quick, extremely resistant to hostile
enchantments, extremely unstealthy
A: fangs 3, berserk 1, clarity, regeneration 2, shaggy fur 1, weak 1, magic
shield, antimagic bite, no device heal 3, rot immunity, subdued magic 1
a: Burn Spellbooks, Berserk, Trog's Hand, Brothers in Arms, Renounce Religion


You were on level 10 of the Dungeon.
You worshipped Trog.
Trog was greatly pleased with you.
You were hungry.

You visited 1 branch of the dungeon, and saw 10 of its levels.

You collected 145 gold pieces.
You spent 92 gold pieces at shops.

Inventory:

Hand weapons
 h - a +0 blowgun
 x - a +2 war axe of flaming (weapon)
 y - a +1 battleaxe
Missiles
 a - 11 javelins (quivered)
Armour
 k - a +0 cloak (worn)
 z - a +0 chain mail (worn)
Jewellery
 r - a ring of wizardry (left hand)
 s - an amulet of clarity (around neck)
Magical devices
 q - a wand of paralysis (12)
Scrolls
 i - 3 scrolls of random uselessness {unknown}
 j - 2 scrolls of remove curse {unknown}
 o - 3 scrolls of teleportation {unknown}
 C - a scroll of vulnerability {unknown}
 D - a scroll of fear {unknown}
 E - a scroll of magic mapping
 F - a scroll of summoning {unknown}
Potions
 b - 2 potions of curing
 d - a potion of experience {unknown}
 e - 4 potions of lignification
 g - a potion of resistance
 m - a potion of might {unknown}
 u - a potion of flight {unknown}
 v - a potion of brilliance
 w - 2 potions of magic {unknown}
 A - a potion of agility
Books
 l - a book of Air

   Spells                             Type                      Level
   a - Shock                          Conjuration/Air              1
   b - Swiftness                      Charms/Air                   2
   c - Repel Missiles                 Charms/Air                   2
   d - Static Discharge               Conjuration/Air              3
   e - Lightning Bolt                 Conjuration/Air              5
   Trog disapproves of the use of such an item.
Miscellaneous
 f - a plain deck of escape {drawn: 4}
Comestibles
 c - 6 bread rations
 n - 4 chunks of flesh
 p - a royal jelly
 t - 2 meat rations
 B - 3 fruits


   Skills:
 - Level 5.1 Fighting
 * Level 10.6 Axes
 + Level 6.8 Armour
 - Level 1.5 Dodging


You had 9 spell levels left.
You didn't know any spells.

Dungeon Overview and Level Annotations

Branches:
Dungeon (10/15)
 Temple: D:4-7         Lair: D:8-11         Orc: D:9-12

Altars:
Ashenzari
Cheibriados
Elyvilon
Fedhas
Kikubaaqudgha
Nemelex Xobeh
Ru
Vehumet

Shops:
D:4 %!?%   D:8 *   D:9 %

Annotations:
D:4 Natasha
D:10 Snorg


Innate Abilities, Weirdness & Mutations

You have razor-sharp teeth.
You heal very quickly.
When hurt, damage is shared between your health and your magic reserves.
Your bite disrupts and absorbs the magic of your enemies.
Potions and wands cannot restore your health.
You are immune to rotting.
You tend to lose your temper in combat.
You possess an exceptional clarity of mind.
You are covered in fur (AC +1).
You are weak. (Str -2)
Your spells are a little easier to cast, but a little less powerful.


Message History

You are too injured to fight recklessly!
You slash Snorg! You burn Snorg. Your bite misses Snorg.
Snorg is heavily wounded.
Snorg barely misses you. Snorg claws you!
* * * LOW HITPOINT WARNING * * *
Snorg claws you but does no damage.
Unknown command.
You closely miss Snorg.
Snorg is heavily wounded.
Snorg barely misses you. Snorg claws you but does no damage. Snorg claws you.
* * * LOW HITPOINT WARNING * * *
Unknown command.
Unknown command.
You hit Snorg. You burn Snorg. You bite Snorg! You drain his power.
You feel invigorated.
Snorg is severely wounded.
Snorg bites you!
* * * LOW HITPOINT WARNING * * *
Snorg claws you.
You die...

......##..).............
......##.(..............
.......##................
.......##..............#
....... #..............#
.... #..............#
#..............#
#..............#
#......T@......#
#..............#
#............>.#
#..............#
#..............#
................
.................
#################


You could see Snorg (berserk).

Vanquished Creatures
  A hill giant (D:10)
  The ghost of Turgon the Martial Artist, an experienced DsBe of Trog (D:8)
  6 yaks (D:9)
  2 ogres
  An eye of draining (D:8)
  2 sky beasts
  3 orc warriors
  A black bear (D:6)
  3 phantoms
  A centaur (D:7)
  A big kobold (D:8)
  2 giant frogs
  2 scorpions
  2 jellies
  4 orc priests
  A giant frog skeleton (D:8)
  2 hounds
  An iguana (D:4)
  3 centaur skeletons
  4 orc wizards
  A worker ant (D:7)
  9 adders
  A shadow imp (D:7)
  2 adder skeletons
  A worm (D:3)
  22 orcs
  3 giant cockroaches
  4 goblins
  7 hobgoblins
  5 jackals
  11 kobolds
  5 quokkas
  2 ball pythons
  6 bats
  5 giant geckos
  2 giant newts (D:3)
  3 rats
132 creatures vanquished.

Notes
Turn   | Place    | Note
--------------------------------------------------------------
     0 | D:1      | 4thArraOfDagon the Vine Stalker Berserker began the quest for the Orb.
     0 | D:1      | Reached XP level 1. HP: 11/11 MP: 2/2
    20 | D:1      | Found a sparkling altar of Nemelex Xobeh.
    87 | D:1      | Reached XP level 2. HP: 16/16 MP: 3/3
    97 | D:1      | Reached skill level 3 in Axes
   297 | D:2      | Found a faded altar to an unknown god.
   383 | D:3      | Reached XP level 3. HP: 17/20 MP: 4/4
   408 | D:3      | Acquired Trog's second power
   439 | D:3      | Found a white marble altar of Elyvilon.
   603 | D:3      | Reached XP level 4. HP: 24/24 MP: 5/5
   642 | D:3      | Found a snail-covered altar of Cheibriados.
   687 | D:4      | Found Ryhiasi's Food Boutique.
   687 | D:4      | Found Katil's Magic Scroll Emporium.
   694 | D:4      | Reached skill level 4 in Axes
   694 | D:4      | Reached XP level 5. HP: 28/28 MP: 6/6
   720 | D:4      | Bought a scroll of identify for 20 gold pieces
   743 | D:3      | Found an ancient bone altar of Kikubaaqudgha.
   768 | D:4      | Found Goegheb's Distillery.
   779 | D:4      | Bought a potion of lignification for 36 gold pieces
   779 | D:4      | Bought a potion of lignification for 36 gold pieces
   790 | D:4      | Found a shattered altar of Ashenzari.
   850 | D:4      | Found Mitoupt's Food Shop.
   886 | D:3      | Found a sacrificial altar of Ru.
   951 | D:4      | Gained mutation: You heal very quickly. [Vine Stalker growth]
   951 | D:4      | Reached XP level 6. HP: 13/33 MP: 1/7
   955 | D:4      | Noticed Natasha
   959 | D:5      | Entered Level 5 of the Dungeon
  1010 | D:5      | Reached skill level 5 in Axes
  1110 | D:6      | Reached XP level 7. HP: 33/37 MP: 8/8
  1132 | D:6      | Found a blossoming altar of Fedhas.
  1275 | D:8      | Reached skill level 6 in Axes
  1315 | D:7      | Gained mutation: You have razor-sharp teeth. [Vine Stalker growth]
  1315 | D:7      | Reached XP level 8. HP: 42/42 MP: 9/9
  1327 | D:6      | :(
  1339 | D:6      | Reached skill level 5 in Fighting
  1470 | D:7      | Reached skill level 7 in Axes
  1543 | D:8      | Noticed Turgon's ghost (experienced DsBe)
  1584 | D:8      | Killed Turgon's ghost
  1584 | D:8      | Reached skill level 8 in Axes
  1584 | D:8      | Reached skill level 5 in Armour
  1584 | D:8      | Reached XP level 9. HP: 10/47 MP: 3/10
  1605 | D:8      | Found a radiant altar of Vehumet.
  1663 | D:8      | Found Honegub's Elemental Accessories.
  1726 | D:9      | Found Quogyem's Food Emporium.
  1756 | D:9      | Acquired Trog's third power
  1756 | D:9      | Reached skill level 9 in Axes
  1833 | D:10     | Entered Level 10 of the Dungeon
  1879 | D:9      | Reached skill level 10 in Axes
  1941 | D:10     | Noticed a hill giant
  1954 | D:10     | Noticed a centaur skeleton
  1962 | D:10     | Killed a hill giant
  1962 | D:10     | Reached XP level 10. HP: 35/51 MP: 8/11
  1965 | D:10     | Killed a centaur skeleton
  1973 | D:10     | Gained mutation: You possess an exceptional clarity of mind. [mutagenic meat]
  1974 | D:10     | Gained mutation: You are covered in fur (AC +1). [mutagenic meat]
  1975 | D:10     | Gained mutation: Your spells are a little easier to cast, but a little less powerful. [mutagenic meat]
  1976 | D:10     | Gained mutation: You tend to lose your temper in combat. [mutagenic meat]
  1977 | D:10     | Gained mutation: You are weak. (Str -2) [mutagenic meat]
  1990 | D:10     | Noticed Snorg
  2009 | D:10     | HP: 1/76 [Snorg (6)]
  2009 | D:10     | Slain by Snorg

Vault maps used:
D:1:      minmay_arrival_arboretum_small, st_stairs_12, minivault_23,
          nemelex_deck
D:2:      ecumenical_altar_2, kennysheep_donut
D:3:      lemuel_upstairs_altar, elyvilon_altar_5, old_standard_altar,
          nicolae_ru_sacrificial_ziggurat
D:4:      serial_shops, kennysheep_mini_moat, shop, shop, nicolae_shop_crystal,
          first_bread, evilmike_ruin_ashenzari, uniq_grinder, uniq_natasha
D:6:      old_forge, led_sif_pool, lemuel_round_altar,
          minmay_temple_entry_metal_lava, basic_altar, serial_bayou_pond_d,
          uniq_crazy_yiuf_cottage, uniq_pikel, uniq_menkaure
D:7:      minitemple, grunt_livestock, minmay_misc_feat_more_columns
D:8:      fiery_altar_vehumet, lair_0_dummy, serial_glass, glass_columns_b,
          glass_columns_b, glass_columns_b, glass_columns_b, glass_columns_a,
          glass_columns_b, glass_columns_a, glass_columns_a,
          nicolae_elemental_shop
D:9:      serial_shops, nicolae_shop_scaring_up_business,
          kennysheep_generic_room_6
D:10:     david_orc_3, okawaru_trees_2, uniq_snorg

Action                   |  1- 3 |  4- 6 |  7- 9 | 10-12 || total
-------------------------+-------+-------+-------+-------++-------
Melee: Hand axe          |    76 |    91 |    61 |       ||   228
       Battleaxe         |       |       |    72 |       ||    72
       War axe           |       |       |    21 |    14 ||    35
Invok: Berserk           |     3 |     3 |     5 |     1 ||    12
       Trog's Hand       |       |       |     4 |     1 ||     5
Evoke: Deck              |     2 |       |       |     2 ||     4
       Wand              |       |       |     1 |       ||     1
  Use: Scroll            |       |     2 |     7 |       ||     9
       Potion            |       |       |     1 |       ||     1
 Stab: Paralysed         |       |       |     8 |       ||     8
  Eat: Chunk             |     1 |     6 |     7 |     6 ||    20
       Fruit             |       |       |     1 |       ||     1
